AoeStats
← 竞技场场王

Arena

510718030Analyzed
3v3 RM · 1d ago on Oct 2, 2026· 29m 38s· 6 players
Game mode
Random Map
Map size
Normal (6 player)
Population
200
Speed
Normal
Resources
Standard
Victory
Conquest
Starting age
Dark Age
Ending age
Imperial Age
RankedLock teamsTeams togetherTeam positionsShared explorationLock speedFull tech treeHidden civsTurbo modeCheats
Victory
Defeat
🇨🇿 Byzantines · Czechia
1250
+14
1245
+15
🇨🇦 Cumans · Canada
1164
+18
🇨🇳 Danes · China
1285
-18
🇨🇳 Wu · China
1233
-17
1118
-12
竞技场场王
9:58 Feudal Age
9:04 Loom
12:06 Double-Bit Axe
12:37 Horse Collar
14:59 Castle Age
21:41 Forging
22:31 Scale Mail Armor
23:42 Chain Mail Armor
25:44 Wheelbarrow
25:37 Bow Saw
25:42 Squires
26:15 Heavy Plow
27:52 Hand Cart
不学不练
10:45 Feudal Age
11:24 Loom
13:54 Double-Bit Axe
16:10 Castle Age
25:50 Imperial Age
26:15 Masonry
noob but hard practice
11:26 Feudal Age
13:04 Double-Bit Axe
15:26 Castle Age
13:47 Horse Collar
16:13 Bow Saw
16:37 Heavy Plow
20:06 Wheelbarrow
21:57 Gold Mining
24:27 Gold Shaft Mining
24:46 Hand Cart
26:14 Scale Barding Armor
26:20 Forging
29:27 Imperial Age
27:14 Husbandry
27:25 Bloodlines
27:19 Loom
28:14 Chain Barding Armor
29:16 Iron Casting
29:21 Cavalier
iran away from the epstein files
9:52 Feudal Age
9:54 Double-Bit Axe
11:35 Horse Collar
14:30 Loom
19:14 Castle Age
19:34 Wheelbarrow
21:31 Murder Holes
BizLab
11:43 Feudal Age
10:05 Loom
15:35 Castle Age
14:04 Stone Mining
15:32 Double-Bit Axe
15:39 Gold Mining
16:37 Fletching
17:54 Wheelbarrow
17:58 Horse Collar
23:35 Imperial Age
21:49 Bow Saw
22:44 Gold Shaft Mining
23:59 Stone Shaft Mining
23:28 Bodkin Arrow
27:22 Bracer
29:40 Husbandry
DropDongHitBong420
8:04 Loom
11:39 Feudal Age
15:56 Castle Age
14:15 Horse Collar
18:23 Forging
18:19 Scale Barding Armor
19:40 Double-Bit Axe
20:41 Bloodlines
21:09 Bow Saw
21:11 Heavy Plow
23:55 Capped Ram
29:06 Iron Casting
Connection lost

Rejoining the realm…

Still unreachable

The connection could not be restored.

Session expired

The server has moved on; the page needs a fresh start.